 Dungeon Crawl Stone Soup version 0.28.0-53-g5a82cb258f (webtiles) character file.

Game seed: 7488912968125564621

49 DildoBatman the Conjurer (level 4, 0/29 (30) HPs)
             Began as a Formicid Conjurer on June 1, 2022.
             Slain by a goblin
             ... wielding a +0 club
              (3 damage)
             ... on level 2 of the Dungeon.
             The game lasted 00:03:43 (1145 turns).

DildoBatman the Conjurer (Formicid Conjurer)        Turns: 1145, Time: 00:03:44

HP:   0/29 (30)     AC:  2    Str: 12    XL:     4   Next: 1%
MP:   7/7           EV: 12    Int: 19    God:
Gold: 45            SH:  0    Dex: 11    Spells: 4/7 levels left

rFire   . . .      SeeInvis +   a - +11 war axe "Kad Nool" {vorpal, Int+2}
rCold   . . .      Faith    .   (no shield)
rNeg    . . .      Spirit   .   m - +0 robe
rPois   .          Reflect  .   (helmet unavailable)
rElec   .          Harm     .   (no cloak)
rCorr   .          Rampage  .   (no gloves)
Will    .....                   (no boots)
Stlth   ++........              (no amulet)
HPRegen 0.09/turn               (no ring)
MPRegen 0.10/turn               (no ring)

@: lightly drained
A: permanent stasis, dig shafts and tunnels, antennae 3, four strong arms
a: Dig, Shaft Self


You were on level 2 of the Dungeon.
You visited 1 branch of the dungeon, and saw 2 of its levels.

You collected 45 gold pieces.

Inventory:

Hand Weapons
 a - the +11 war axe "Kad Nool" (weapon) {vorpal, Int+2}
   (You found it on level 2 of the Dungeon)

   It inflicts extra damage upon your enemies.
   Int:       It affects your intelligence (+2).
Missiles
 f - 87 bolts
 j - 21 arrows
 l - 16 stones
Armour
 m - a +0 robe (worn)
Scrolls
 b - 4 scrolls of identify {unknown}
 d - a scroll of magic mapping {unknown}
 h - a scroll of fog {unknown}
 k - a scroll of teleportation {unknown}
Potions
 c - a potion of might {unknown}
 e - a potion of berserk rage {unknown}
 g - a potion of heal wounds {unknown}
 i - a potion of degeneration {unknown}


   Skills:
 * Level 0.0 Fighting
 * Level 0.1 Axes
 * Level 0.0 Armour
 - Level 1.7 Dodging
 - Level 2.4 Stealth
 * Level 2.2 Spellcasting
 * Level 4.8 Conjurations


You had 4 spell levels left.
You knew the following spells:

 Your Spells              Type           Power      Damage    Failure   Level
a - Searing Ray           Conj           40%        2d5       3%          2
c - Magic Dart            Conj           80%        1d7       2%          1

Your spell library contained the following spells:

 Spells                   Type           Power      Damage    Failure   Level
 Sting                    Tmut/Pois      8%         1d3       17%         1
 Dazzling Flash           Conj/Hex       22%        N/A       19%         3
 Fulminant Prism          Conj/Hex       5%         3d7       52%         4
 Iskenderun's Mystic Bla  Conj/Tloc      11%        2d4       52%         4


Dungeon Overview and Level Annotations

Branches:
Dungeon (2/15)

Altars:

Annotations:
D:2 Ijyb


Innate Abilities, Weirdness & Mutations

You cannot be hasted, slowed, berserked, paralysed or teleported.
You can dig through walls and to a lower floor.
You have a pair of large antennae on your head. (SInv)
Your four strong arms can wield two-handed weapons with a shield.


Message History

What are your orders? t - Shout!
Orders for allies: a - Attack new target. r - Retreat! s - Stop attacking. g - Guard the area. f - Follow me.
Anything else - Cancel.
You shout for attention!
The goblin closely misses you. The goblin hits you with a +0 club.
The goblin hits you with a +0 dagger. What are your orders? t - Shout!
Orders for allies: a - Attack new target. r - Retreat! s - Stop attacking. g - Guard the area. f - Follow me.
Anything else - Cancel.
You shout for attention!
The goblin hits you with a +0 club. The goblin misses you.
The goblin hits you with a +0 club. What are your orders? t - Shout!
Orders for allies: a - Attack new target. r - Retreat! s - Stop attacking. g - Guard the area. f - Follow me.
Anything else - Cancel.
You shout for attention!
The goblin hits you but does no damage. The goblin hits you with a +0 club.
The goblin hits you with a +0 dagger. What are your orders? t - Shout!
Orders for allies: a - Attack new target. r - Retreat! s - Stop attacking. g - Guard the area. f - Follow me.
Anything else - Cancel.
You shout for attention!
The goblin misses you. The goblin hits you with a +0 club.
You die...

...#.#{ ..........##..# ...#.#..
..........##..### ...#.#.. {
.........##....#### ...#.#.# #
#.......##..#.8.8. .[.#.#.#
#.########.............. ...#.#.#
#...................... ####.#.#
#......>...........$...
####.#.########..g.#######.$).g..
#....#......)...@g...............
#.###.#########.g..########..8g8.
#.#<....# #....##### #.#####
..#.###.##### #........# #..
..#.........###........# ####
.....#####.÷.÷.........#
#..P#....P#............######
...#.#####.#...........>....#
.P#.#....P#.#.......).......#


You could see 3 goblins.

Vanquished Creatures
  An adder (D:2)
  5 ball pythons
  8 bats
  3 endoplasms
  2 giant cockroaches
  8 goblins
  A hobgoblin (D:1)
  2 kobolds (D:1)
  2 quokkas
  A frilled lizard (D:1)
  3 rats
36 creatures vanquished.

Notes
Turn   | Place    | Note
-------+----------+-------------------------------------------
     0 | D:1      | DildoBatman the Formicid Conjurer began the quest for the
                  | Orb.
     0 | D:1      | Reached XP level 1. HP: 13/13 MP: 3/3
   153 | D:1      | Reached XP level 2. HP: 19/19 MP: 3/5
   154 | D:1      | Reached skill level 4 in Conjurations
   157 | D:1      | Learned a level 2 spell: Searing Ray
   366 | D:1      | Reached XP level 3. HP: 16/24 MP: 0/6
   739 | D:2      | Found a faded altar of an unknown god.
   745 | D:2      | Got Plato's Grimoire of Venom
   796 | D:2      | Identified the +11 war axe "Kad Nool" {vorpal, Int+2}
  1065 | D:2      | Noticed Ijyb
  1133 | D:2      | Reached XP level 4. HP: 25/29 MP: 7/7
  1145 | D:2      | Slain by a goblin

Illustrated notes

Levels and vault maps discovered:
D:1:      arrival_zaba_pyramid, layout_rooms, hangedman_decor_push
D:2:      kennysheep_the_goblin_king, layout_basic,
          shapermc_ecumenical_altar_rom_forum

Skill      XL: |  1  2 |
---------------+-------+-----
Conjurations   | 4 |  4.8
Axes           | |  0.1
Dodging        | |  1.7
Stealth        | |  2.4
Spellcasting   | |  2.2

Action                   |  1- 3 |  4- 6 || total
-------------------------+-------+-------++-------
Melee: Unarmed           |     9 |       ||     9
       Dagger            |    20 |       ||    20
       War axe           |     6 |       ||     6
       Short sword       |     5 |       ||     5
 Cast: Magic Dart        |    26 |       ||    26
       Searing Ray       |     5 |       ||     5
 Abil: Dig               |     1 |       ||     1
 Stab: Sleeping          |     6 |       ||     6
Armor: Robe              |    15 |     1 ||    16
Dodge: Dodged            |    28 |     9 ||    37
